 Dungeon Crawl Stone Soup version 0.22-a0-445-g8c8ef71062 (webtiles) character file.

3780 ellude the Carver (level 9, 0/82 HPs)
             Began as a Minotaur Berserker on June 2, 2018.
             Was a Believer of Trog.
             Killed from afar by a gargoyle (11 damage)
             ... with a stone arrow
             ... on level 8 of the Dungeon.
             The game lasted 00:58:53 (6928 turns).

ellude the Carver (Minotaur Berserker)              Turns: 6928, Time: 00:58:54

Health: 0/82       AC: 13    Str: 29    XL:     9   Next: 95%
Magic:  8/8        EV:  7    Int:  4    God:    Trog [**....]
Gold:   286        SH:  8    Dex: 10    Spells: 8/8 levels left

rFire    x . .     SeeInvis .   F - +0 falchion
rCold    + . .     Gourm    .   s - +0 shield
rNeg     + + .     Faith    .   a - +0 plate armour
rPois    .         Spirit   .   (helmet restricted)
rElec    .         Reflect  .   (no cloak)
rCorr    .         Harm     .   (no gloves)
MR       .....                  (no boots)
Stlth    ..........             (no amulet)
HPRegen  0.23/turn              D - ring of Daamuit {Ice rN++ Stlth+}
MPRegen  0.11/turn              B - +4 ring of strength

@: berserk cooldown, slowed, very slow
A: retaliatory headbutt, horns 2
a: Berserk, Trog's Hand, Renounce Religion


You were on level 8 of the Dungeon.
You worshipped Trog.
Trog was pleased with you.
You were near starving.

You visited 1 branch of the dungeon, and saw 6 of its levels.

You collected 286 gold pieces.

Inventory:

Hand Weapons
 l - a +0 hunting sling
 A - a +1 rapier of electrocution
 F - a +0 falchion (weapon)
Armour
 a - a +0 plate armour (worn)
 b - a +0 animal skin
 s - a +0 shield (worn)
Jewellery
 n - a +2 ring of strength
 o - an uncursed ring of protection from fire
 t - an uncursed ring of resist corrosion {unknown}
 w - a cursed ring of poison resistance {unknown}
 B - a +4 ring of strength (right hand)
 D - the ring of Daamuit (left hand) {Ice rN++ Stlth+}
   (You found it on level 8 of the Dungeon)

   [ring of ice]

   It enhances your ice magic.
   It makes you vulnerable to fire.
   It protects you from cold.
   It greatly protects you from negative energy.
   It makes you more stealthy.
 E - an uncursed ring of protection from magic {unknown}
Scrolls
 d - 2 scrolls of teleportation {unknown}
 e - 2 scrolls of amnesia
 j - 5 scrolls of identify {unknown}
 m - a scroll of fear {unknown}
 q - 2 scrolls of remove curse {unknown}
 r - a scroll of immolation {unknown}
 u - a scroll of magic mapping {unknown}
 y - a scroll of blinking {unknown}
Potions
 f - 2 potions of might {unknown}
 h - 5 potions of heal wounds {unknown}
 i - a potion of magic {unknown}
 k - a potion of resistance
 v - 3 potions of curing {unknown}
 x - a potion of ambrosia {unknown}
 z - a potion of berserk rage {unknown}
Comestibles
 c - 8 rations


   Skills:
 + Level 8.5 Fighting
 * Level 11.2 Long Blades
 + Level 8.0 Armour
 + Level 7.3 Dodging


You had 8 spell levels left.
You didn't know any spells.
Your spell library was empty.

Dungeon Overview and Level Annotations

Branches:
Dungeon (8/15)
 Temple: D:4-7         Lair: D:8-11

Altars:
Nemelex Xobeh
Okawaru


Innate Abilities, Weirdness & Mutations

You reflexively headbutt those who attack you in melee.
You have a pair of horns on your head.


Message History

The gargoyle barely misses you. The gargoyle hits you with a mace.
* * * LOW HITPOINT WARNING * * *
You feel a strong urge to attack something.
The gargoyle hurls a stone arrow at you.
You block the stone arrow.
The gargoyle hurls a stone arrow at you.
The stone arrow hits you!
* * * LOW HITPOINT WARNING * * *
You feel your anger nearly subside.
You are no longer berserk.
You are exhausted.
You feel yourself slow down.
Your skin stops crawling.
You feel less resistant to hostile enchantments.
The gargoyle hurls a stone arrow at you.
You block the stone arrow.
You are near starving!
The gargoyle hurls a stone arrow at you.
The stone arrow hits you!
You die...

.###...##.....##....##...##..#
..#....##.....##....##...##..#
..#.....'.....##....##.......#
.##....##.....########.......##+#
.####.........##....#######[.##..
......#######.......##..###..##..
....### ###..............#...
....#[##'.'##!#..............#...
...###'.....'###@...###.###..####
##.#8#.......#8#....###'###..##..
.#.##'......9'##9........#...#...
...##....8....##.........#...'...
...##'.9.....'##99.......#...#...
...# #.......# #.....##..#...#...
...###'.....'###.....##..##..##..
.#..#$##...##(#......##..##..####
.##.###8.9.8###).....#...#....


You could see 3 gargoyles.

Vanquished Creatures
  A two-headed ogre (D:8)
  The ghost of Ordine the Slicer, a novice DEWz of Vehumet (D:8)
  A gargoyle (D:8)
  A hornet zombie (D:8)
  2 orc warriors (D:8)
  2 black bears
  3 phantoms (D:4)
  6 ogres
  A centaur (D:7)
  Blork the orc (D:4)
  A bullfrog (D:8)
  6 killer bees (D:8)
  A crimson imp (D:7)
  A centaur zombie (D:7)
  A bullfrog zombie (D:8)
  3 hounds (D:7)
  4 orc priests
  2 orc wizards (D:7)
  An iguana (D:8)
  3 worker ants
  Natasha (twice) (D:4)
  A hound skeleton (D:7)
  Robin (D:4)
  2 gnolls (D:3)
  A howler monkey skeleton (D:8)
  5 adders
  An adder skeleton (D:4)
  2 dart slugs
  3 leopard geckos
  10 orcs
  2 ball pythons
  7 giant cockroaches
  15 goblins
  13 hobgoblins
  9 jackals
  2 quokkas
  2 bats (D:3)
  6 frilled lizards
  A jackal skeleton (D:4)
  7 kobolds
  11 rats
145 creatures vanquished.

Notes
Turn   | Place    | Note
-------+----------+-------------------------------------------
     0 | D:1      | ellude the Minotaur Berserker began the quest for the Orb.
     0 | D:1      | Reached XP level 1. HP: 19/19 MP: 0/0
   174 | D:1      | Reached XP level 2. HP: 20/27 MP: 1/1
   263 | D:1      | Reached skill level 4 in Long Blades
   739 | D:2      | Reached XP level 3. HP: 33/33 MP: 2/2
   786 | D:2      | Found a faded altar of an unknown god.
  1321 | D:2      | Reached ** piety under Trog
  1557 | D:2      | Reached XP level 4. HP: 15/40 MP: 3/3
  2525 | D:3      | Reached skill level 5 in Long Blades
  2673 | D:3      | Found an iron altar of Okawaru.
  2966 | D:4      | Noticed a phantom
  2991 | D:4      | Killed a phantom
  2991 | D:4      | Reached XP level 5. HP: 41/47 MP: 4/4
  3026 | D:4      | Noticed an ogre
  3034 | D:4      | Killed an ogre
  3034 | D:4      | Reached skill level 6 in Long Blades
  3034 | D:4      | Reached XP level 6. HP: 55/55 MP: 5/5
  3062 | D:4      | Reached skill level 5 in Fighting
  3184 | D:4      | Reached XP level 7. HP: 56/61 MP: 6/6
  3361 | D:4      | Noticed Blork the orc
  3407 | D:4      | Killed Blork the orc
  3407 | D:4      | Reached skill level 7 in Long Blades
  3638 | D:4      | Noticed Natasha
  3641 | D:4      | Killed Natasha
  3763 | D:4      | Noticed Robin
  3834 | D:4      | Reached skill level 5 in Armour
  3874 | D:4      | Noticed Natasha
  3890 | D:4      | Killed Natasha
  3919 | D:4      | Killed Robin
  4000 | D:4      | Found a sparkling altar of Nemelex Xobeh.
  4068 | D:4      | You fall through a shaft for 3 floors!
  4222 | D:7      | Reached skill level 8 in Long Blades
  4222 | D:7      | Reached skill level 5 in Dodging
  4222 | D:7      | Reached XP level 8. HP: 59/70 MP: 7/7
  4903 | D:8      | Got a fine granite ring
  4905 | D:8      | Identified the ring of Daamuit {Ice rN++ Stlth+} (You found it on level 8 of the Dungeon)
  4925 | D:8      | Noticed a two-headed ogre
  4946 | D:8      | Killed a two-headed ogre
  4946 | D:8      | Reached skill level 9 in Long Blades
  4946 | D:8      | Reached XP level 9. HP: 13/79 MP: 8/8
  5379 | D:8      | Noticed Ordine's ghost (novice DEWz)
  5397 | D:8      | Killed Ordine's ghost
  5397 | D:8      | Reached skill level 10 in Long Blades
  6634 | D:8      | Reached skill level 11 in Long Blades
  6898 | D:8      | Noticed a gargoyle
  6898 | D:8      | Noticed a gargoyle
  6898 | D:8      | Noticed a gargoyle
  6898 | D:8      | Noticed a gargoyle
  6921 | D:8      | Killed a gargoyle
  6928 | D:8      | Killed from afar by a gargoyle

Vault maps used:
D:1:      scummos_arrival_forest, minmay_door_square
D:2:      first_ration, chequers_ecumenical_altar_simple_redux
D:3:      okawaru_altar_gauntlet_db
D:4:      nemelex_xobeh_ov_fountains_minmay, minmay_misc_feat_columns,
          uniq_robin, uniq_natasha, uniq_blork_the_orc
D:8:      cheibrodos_statue_roulette

Skill      XL: |  1  2  3  4  5  6  7  8  9 |
---------------+----------------------------+-----
Long Blades    | 4 5 6 8 9 11 | 11.2
Fighting       | 4 5 6 7 8 |  8.5
Armour         | 3 4 5 6 8 |  8.0
Dodging        | 3 4 5 6 7 |  7.3

Action                   |  1- 3 |  4- 6 |  7- 9 || total
-------------------------+-------+-------+-------++-------
Melee: Falchion          |    83 |   116 |   232 ||   431
       Headbutt          |    16 |    16 |    73 ||   105
Invok: Berserk           |     1 |     2 |     8 ||    11
       Trog's Hand       |     1 |     4 |    12 ||    17
  Use: Scroll            |       |       |     1 ||     1
 Stab: Sleeping          |       |     1 |       ||     1
  Eat: Chunk             |     3 |     5 |     8 ||    16
       Ration            |       |     1 |     4 ||     5
Armor: Animal skin       |    14 |    13 |       ||    27
       Chain mail        |       |    12 |    66 ||    78
       Plate armour      |       |       |     1 ||     1
Dodge: Dodged            |    41 |    52 |    77 ||   170
Block: Shield            |       |       |    41 ||    41
       Rpst.: Falchion   |    10 |    15 |    22 ||    47

Table legend:
 A = Spawn XP
 B = Non-spawn XP
 C = Spawn XP percentage of total XP
 D = Spawn monster count
 E = Non-spawn monster count
 F = Spawn count percentage of total count
 G = Total turns spent on level
                    A         B        C        D         E        F      G
               +---------+---------+-------+---------+---------+-------+---------
         Total |       0 |    5401 |   0.0 |       0 |     145 |   0.0 |  6928
               +---------+---------+-------+---------+---------+-------+---------
           D:1 |       0 |      29 |   0.0 |       0 |      16 |   0.0 |   788
           D:2 |       0 |      77 |   0.0 |       0 |      24 |   0.0 |  1288
           D:3 |       0 |      82 |   0.0 |       0 |      28 |   0.0 |   890
           D:4 |       0 |     923 |   0.0 |       0 |      32 |   0.0 |  1102
           D:7 |       0 |    1035 |   0.0 |       0 |      21 |   0.0 |  1214
           D:8 |       0 |    3255 |   0.0 |       0 |      24 |   0.0 |  1646
               +---------+---------+-------+---------+---------+-------+---------
